 Dungeon Crawl Stone Soup version 0.27.1-1-g398f81649c (webtiles) character file.

Game seed: 9851420156908188680

210 acemry the Changer (level 5, 0/33 HPs)
             Began as an Octopode Transmuter on Sept 9, 2021.
             Slain by a phantom (3 damage)
             ... on level 4 of the Dungeon.
             The game lasted 00:06:50 (4233 turns).

acemry the Changer (Octopode Transmuter)            Turns: 4233, Time: 00:06:51

Health: 0/33       AC:  1    Str: 10    XL:     5   Next: 87%
Magic:  8/8        EV: 13    Int: 16    God:
Gold:   138        SH:  0    Dex: 12    Spells: 3/8 levels left

rFire    . . .     SeeInvis .   c - +4 dagger (venom)
rCold    . . .     Faith    .   (no shield)
rNeg     . . .     Spirit   .   (helmet currently unavailable)
rPois    .         Reflect  .   (no amulet)
rElec    .         Harm     .   d - ring of resist corrosion
rCorr    +         Rampage  .   (no ring)
Will     .....                  (no ring)
Stlth    ++........             (no ring)
HPRegen  0.11/turn              (no ring)
MPRegen  0.11/turn              (no ring)
                                (no ring)
                                (no ring)

@: appendages (expiring)
A: tentacle spike 3, almost no armour, amphibious, 8 rings, camouflage 1,
gelatinous body 1, (nimble swimmer 1), tentacles
a: End Transformation


You were on level 4 of the Dungeon.
One of your tentacles had grown a beastly spike.
You visited 1 branch of the dungeon, and saw 4 of its levels.

You collected 138 gold pieces.

Inventory:

Hand Weapons
 c - a +4 dagger of venom (weapon)
 j - a +0 double sword
Missiles
 e - 17 poisoned darts
Jewellery
 d - a ring of resist corrosion (left tentacle)
 f - a ring of ice
Potions
 a - a potion of attraction {unknown}
 b - 2 potions of lignification
 g - a potion of magic {unknown}
 k - a potion of degeneration {unknown}
 m - a potion of flight {unknown}


   Skills:
 - Level 1.0 Fighting
 - Level 2.0 Dodging
 - Level 3.0 Unarmed Combat
 - Level 2.0 Spellcasting
 + Level 5.5 Transmutations
 * Level 1.8 Ice Magic


You had 3 spell levels left.
You knew the following spells:

 Your Spells              Type           Power      Damage    Failure   Level
a - Beastly Appendage     Tmut           38%        N/A       2%          1
b - Ice Form              Ice/Tmut       13%        N/A       43%         4

Your spell library contained the following spells:

 Spells                   Type           Power      Damage    Failure   Level
 Wereblood                Tmut           19%        N/A       3%          2
 Spider Form              Tmut/Pois      5%         N/A       21%         3


Dungeon Overview and Level Annotations

Branches:
Dungeon (4/15)
 Temple: D:4-7

Altars:
Zin


Innate Abilities, Weirdness & Mutations

One of your tentacles has grown a beastly spike.
You cannot wear most types of armour.
You are amphibious.
You can wear up to eight rings at the same time.
Your skin changes colour to match your surroundings (Stealth+).
Your rubbery body absorbs attacks. (AC +1, EV +1)
((You are camouflaged near water. (Stealth+)))
You have tentacles for arms and can constrict up to eight enemies at once.


Message History

You hit the phantom.
The phantom is heavily damaged.
The phantom barely misses you.
You barely miss the phantom. You squeeze the phantom.
The phantom is severely damaged.
The phantom hits you.
You closely miss the phantom.
You pierce the phantom, but do no damage.
The phantom is severely damaged.
The phantom closely misses you.
You hit the phantom but do no damage.
The phantom is severely damaged.
The phantom misses you.
You closely miss the phantom.
The phantom is severely damaged.
The phantom barely misses you.
You hit the phantom.
The phantom is severely damaged.
The phantom hits you!
You barely miss the phantom.
Your tentacle spike misses the phantom.
Your tentacle-slap misses the phantom.
The phantom is severely damaged.
The phantom hits you.
You hit the phantom.
Your tentacle spike misses the phantom.
The phantom is almost destroyed.
Your transformation is almost over.
The phantom closely misses you.
You hit the phantom. Your squeeze misses the phantom.
The phantom is almost destroyed.
The phantom hits you.
You hit the phantom but do no damage.
You pierce the phantom.
The phantom is almost destroyed.
The phantom hits you!
* * * LOW HITPOINT WARNING * * *
The phantom blinks!
You blink.
You barely miss the phantom.
Your tentacle spike misses the phantom.
Your squeeze misses the phantom.
The phantom is almost destroyed.
The phantom hits you.
You die...

.............†.###....
#..#...§(.......##...##
#..................#..#
#.≈≈≈§≈≈≈.....?....#...
#...≈≈≈≈≈≈......##.#...
.8§..._≈≈......###.###
.§.≈≈≈§≈≈...#..# #.# #
.§§§≈W≈≈....#.## ###
.§§§.@......###
######...## #####


You could see a phantom.

Vanquished Creatures
  A scorpion (D:4)
  A hound (D:4)
  A gnoll (D:1)
  2 adders
  2 worms (D:3)
  3 dart slugs (D:1)
  5 orcs (D:4)
  5 ball pythons
  6 endoplasms
  5 giant cockroaches
  6 goblins
  8 hobgoblins
  7 jackals
  3 quokkas
  8 bats
  2 frilled lizards (D:2)
  3 kobolds
  5 rats
73 creatures vanquished.

Notes
Turn   | Place    | Note
-------+----------+-------------------------------------------
     0 | D:1      | acemry the Octopode Transmuter began the quest for the Orb.
     0 | D:1      | Reached XP level 1. HP: 13/13 MP: 3/3
   251 | D:1      | Reached XP level 2. HP: 13/18 MP: 3/5
   407 | D:1      | Reached skill level 3 in Transmutations
   575 | D:1      | Reached XP level 3. HP: 23/23 MP: 6/6
  1563 | D:2      | Reached skill level 4 in Transmutations
  2195 | D:2      | Found a faded altar of an unknown god.
  2197 | D:2      | Reached XP level 4. HP: 28/28 MP: 5/7
  2669 | D:2      | Learned a level 4 spell: Ice Form
  3599 | D:4      | Noticed a scorpion
  3605 | D:4      | Killed a scorpion
  3606 | D:4      | Reached skill level 5 in Transmutations
  3606 | D:4      | Reached skill level 1 in Ice Magic
  3606 | D:4      | Reached XP level 5. HP: 33/33 MP: 6/8
  3713 | D:4      | HP: 2/49 [orc (9)]
  4074 | D:4      | Found a glowing silver altar of Zin.
  4077 | D:4      | Noticed a phantom
  4233 | D:4      | Slain by a phantom

Illustrated notes

Levels and vault maps discovered:
D:1:      beargit_arrival_greenhouse, layout_basic
D:2:      layout_loops_corners, shapermc_ecumenical_altar_starsandcircs,
          kennysheep_minor_cross
D:3:      layout_basic
D:4:      layout_cave_pools, eat_drink_and_be_merry_uskayaw,
          lemuel_coloured_pillars_altar, nicolae_ashenzari_panopticon,
          mainiacjoe_overflow_catwalk

Skill      XL: |  1  2  3  4 |
---------------+-------------+-----
Transmutations | 3 4 5 |  5.5
Ice Magic      | 1 |  1.8
Fighting       | |  1.0
Dodging        | |  2.0
Unarmed Combat | |  3.0
Spellcasting   | |  2.0

Action                   |  1- 3 |  4- 6 || total
-------------------------+-------+-------++-------
Melee: Unarmed           |     8 |       ||     8
       Dagger            |    62 |    80 ||   142
       Constrict         |    16 |    20 ||    36
       Tentacles         |     5 |    16 ||    21
       Kick              |     8 |    10 ||    18
       Punch             |     1 |     1 ||     2
       Double sword      |       |     5 ||     5
 Cast: Beastly Appendage |    23 |    23 ||    46
  Use: Scroll            |     3 |     3 ||     6
       Potion            |       |     3 ||     3
 Stab: Sleeping          |     8 |     4 ||    12
Armor: Skin              |     8 |    24 ||    32
Dodge: Dodged            |    37 |    31 ||    68
